 Dungeon Crawl Stone Soup version 0.22.1-1-ga44c0e56f4 (webtiles) character file.

21396 Mjsee792 the Fighter (level 12, -7/118 HPs)
             Began as a Minotaur Fighter on Oct 14, 2018.
             Was the Champion of Okawaru.
             Mangled by a manticore (23 damage)
             ... summoned by Kirke
             ... on level 12 of the Dungeon.
             The game lasted 00:29:44 (11077 turns).

Mjsee792 the Fighter (Minotaur Fighter)            Turns: 11077, Time: 00:29:45

Health: -7/118     AC:  0    Str: 23    XL:     12   Next: 53%
Magic:  2/14       EV: 17    Int:  5    God:    Okawaru [******]
Gold:   1444       SH:  0    Dex: 13    Spells: 11/11 levels left

rFire    . . .     SeeInvis .     - Unarmed
rCold    . . .     Gourm    .   (shield currently unavailable)
rNeg     . . .     Faith    +   (armour currently unavailable)
rPois    .         Spirit   .   (helmet currently unavailable)
rElec    .         Reflect  .   (cloak currently unavailable)
rCorr    .         Harm     .   (gloves currently unavailable)
MR       .....                  (boots currently unavailable)
Stlth    +++.......             n - amulet of faith
HPRegen  0.29/turn              (ring currently unavailable)
MPRegen  0.14/turn              (ring currently unavailable)

@: about to teleport, pig-form, heroism, slowed, studying Hexes
A: small, (retaliatory headbutt)
a: Heroism, Finesse, Renounce Religion


You were on level 12 of the Dungeon.
You worshipped Okawaru.
Okawaru was exalted by your worship.
You were not hungry.
You were a filthy swine.
You visited 1 branch of the dungeon, and saw 12 of its levels.
You also visited: Ice Cave.

You collected 1444 gold pieces.

Inventory:

Hand Weapons
 s - the +10 trident of Patufih (melded) {antimagic, +Rage rC+ Str+3 Stlth-}
   (Okawaru gifted it to you on level 9 of the Dungeon)

   It reduces the magical energy of the wielder, and disrupts the spells and
   magical abilities of those hit.
   Natural abilities and divine invocations are not affected.
   It affects your strength (+3).
   It protects you from cold.
   It lets you go berserk.
   It makes you less stealthy.
 E - the +11 falchion of Immorality {freeze, rElec rC- Int+7}
   (You found it on level 4 of the Dungeon)

   It has been specially enchanted to freeze those struck by it, causing extra
   injury to most foes and up to half again as much damage against particularly
   susceptible opponents.
   It can also slow down cold-blooded creatures.
   It affects your intelligence (+7).
   It makes you vulnerable to cold.
   It insulates you from electricity.
 R - a +0 arbalest of velocity
 X - the +3 halberd "Mymip" {venom, rElec, unknown}
   (Okawaru gifted it to you on level 11 of the Dungeon)

   It poisons the flesh of those it strikes.
   It insulates you from electricity.
Armour
 j - a +1 pair of gloves (melded)
 k - a +1 pair of boots (melded)
 L - a +0 cloak of poison resistance (melded)
 P - the +3 ring mail of Okawaru's Displeasure (melded) {Slay+2}
   (Okawaru gifted it to you on level 10 of the Dungeon)

   It affects your accuracy and damage with ranged weapons and melee attacks
   (+2).
 Y - a +0 shield of protection (melded)
Jewellery
 h - a +5 ring of strength (melded)
 n - an amulet of faith (around neck)
 G - an uncursed ring of resist corrosion
 M - an uncursed ring of positive energy
 S - an uncursed ring of see invisible
 T - a +3 ring of protection (melded)
 U - a +2 amulet of reflection {unknown}
 V - a +3 ring of strength
 W - an uncursed ring of flight {unknown}
Wands
 w - a wand of digging (15)
 F - a wand of enslavement (12)
 H - a wand of acid (10)
 O - a wand of paralysis (9)
Scrolls
 b - 4 scrolls of remove curse
 e - 6 scrolls of identify
 g - 3 scrolls of fear
 l - 2 scrolls of magic mapping
 o - 3 scrolls of noise {unknown}
 r - 4 scrolls of blinking {unknown}
 t - 5 scrolls of teleportation
 v - a scroll of enchant weapon {unknown}
 x - 4 scrolls of amnesia {unknown}
 y - 3 scrolls of fog {unknown}
 C - 2 scrolls of immolation {unknown}
 D - 2 scrolls of random uselessness {unknown}
 Q - a scroll of vulnerability {unknown}
Potions
 a - a potion of degeneration {unknown}
 d - 4 potions of might
 i - 2 potions of magic {unknown}
 m - 7 potions of resistance
 p - 4 potions of lignification {unknown}
 q - a potion of curing {unknown}
 u - a potion of brilliance {unknown}
 z - a potion of flight {unknown}
 A - a potion of ambrosia {unknown}
 B - a potion of agility {unknown}
 I - a potion of mutation {unknown}
 J - 4 potions of heal wounds {unknown}
 K - a potion of berserk rage {unknown}
Books
 N - a manual of Hexes
Comestibles
 c - 8 chunks of flesh
 f - 22 rations


   Skills:
 + Level 14.9(19.9) Fighting
 - Level 2.4(7.4) Polearms
 * Level 12.1(17.1) Armour
 + Level 14.9(19.9) Shields
 + Level 0.8 Invocations
 - Level 4.0 Evocations


You had 11 spell levels left.
You didn't know any spells.
Your spell library contained the following spells:

 Spells                   Type           Power        Failure   Level  Hunger
 Confusing Touch          Hex            #.....       47%         1    ##.....
 Sandblast                Erth           #.....       47%         1    ##.....
 Shock                    Conj/Air       #...         47%         1    ##.....
 Passwall                 Tmut/Erth      #.......     63%         2    ###....
 Swiftness                Chrm/Air       #.......     63%         2    ###....
 Throw Frost              Conj/Ice       #.....       63%         2    ###....
 Confuse                  Hex            #.......     85%         3    ####...
 Gell's Gravitas          Tloc           #.........   85%         3    ####...
 Static Discharge         Conj/Air       #.......     85%         3    ####...
 Stone Arrow              Conj/Erth      #.....       85%         3    ####...
 Airstrike                Air            #.........   99%         4    #####..
 Petrify                  Tmut/Erth      #.......     99%         4    #####..
 Lee's Rapid Deconstruct  Erth           #.........   100%        5    ######.
 Lightning Bolt           Conj/Air       #.........   100%        5    ######.
 Metabolic Englaciation   Hex/Ice        #.........   100%        5    ######.
 Yara's Violent Unravell  Hex/Tmut       #.........   100%        5    ######.
 Ring of Flames           Chrm/Fire      #.........   100%        7    #######


Dungeon Overview and Level Annotations

Branches:
Dungeon (12/15)            Temple (0/1) D:6            Lair (0/6) D:11
    Orc (0/2) D:11

Altars:
Ashenzari
Elyvilon
Fedhas
Gozag
Hepliaklqana
Okawaru
Qazlal
Trog
Yredelemnul
Beogh

Shops:
D:5 (   D:12 (

Annotations:
D:12 Kirke


Innate Abilities, Weirdness & Mutations

((You reflexively headbutt those who attack you in melee.))
((You have a pair of horns on your head.))


Message History

You hit something.
You hear some strange, mumbled words.
Something summons a manticore!
You miss something. Something hits you! The manticore bites you!
The manticore claws you! x2
Unknown command.
Unknown command.
Unknown command.
Okay, then.
As you read the scroll of teleportation, it crumbles to dust.
You feel strangely unstable. Something hits you!
* * * LOW HITPOINT WARNING * * *
The manticore misses you. The manticore completely misses you.
The manticore closely misses you. Something hits you!
* * * LOW HITPOINT WARNING * * *
Unknown command.
Unknown command.
You gain the combat prowess of a mighty hero.
The manticore bites you!!
You die...

#...... .......
#..{..## #.h....#
#.h.h.h# #h# #+#
#h# #.# #{# #.#
#h# ##.## #H#
##...######## #.#
.....†......####.#
##...##....8.8.8.#
##.###.....⌠.⌠..#
#.# #....8.∩.8##
#.# #.....⌠.⌠.#
≈≈≈ ####.8.8.8#


You could see a manticore and 3 hogs.

Vanquished Creatures
  2 ice dragons (IceCv)
  Erica (D:11)
  2 two-headed ogres
  Nergalle (D:11)
  A deep elf mage (D:11)
  A cyclops (D:11)
  2 ice statues (IceCv)
  2 gargoyles (D:12)
  2 rime drakes (IceCv)
  A kobold demonologist (D:11)
  A queen bee (D:11)
  2 trolls
  A hornet (D:11)
  3 hippogriffs
  Grinder (D:6)
  Sigmund (D:6)
  A vampire (D:12)
  A wraith (D:11)
  3 hogs (D:12)
  17 yaks
  A hungry ghost (D:7)
  Duvessa (D:5)
  A porcupine (D:11)
  A water moccasin (D:5)
  12 orc warriors
  15 ice beasts
  A necrophage (D:10)
  6 ogres
  4 black bears
  4 phantoms
  5 centaurs
  A big kobold (D:7)
  8 bullfrogs
  Dowan (D:5)
  6 scorpions
  A wyvern skeleton (D:12)
  29 killer bees
  8 wights
  A howler monkey (D:7)
  2 quasits
  2 bullfrog zombies (D:6)
  3 centaur zombies
  8 crimson imps
  Crazy Yiuf (D:7)
  5 hounds
  7 jellies
  3 bullfrog skeletons
  A gnoll shaman (D:4)
  10 orc priests
  12 orc wizards
  Terence (D:2)
  An iguana (D:9)
  8 worker ants
  A killer bee zombie (D:10)
  A hound zombie (D:9)
  A hound skeleton (D:8)
  4 worker ant zombies
  4 gnolls
  20 adders
  A shadow imp (D:6)
  12 white imps (D:11)
  An ooze (D:1)
  An adder skeleton (D:5)
  A worm (D:6)
  A dart slug (D:1)
  5 leopard geckos
  80 orcs
  5 bats
  9 giant cockroaches
  7 goblins
  9 hobgoblins
  3 jackals (D:8)
  6 quokkas
  8 frilled lizards
  11 kobolds
  A leopard gecko zombie (D:8)
  2 quokka zombies (D:7)
  7 rats
  A spectral orc (D:5)
  A bush (D:7)
  A fungus (D:7)
420 creatures vanquished.

Vanquished Creatures (others)
  9 fungi (D:11)
  2 plants (D:11)
11 creatures vanquished.

Grand Total: 431 creatures vanquished

Notes
Turn   | Place    | Note
-------+----------+-------------------------------------------
     0 | D:1      | Mjsee792 the Minotaur Fighter began the quest for the Orb.
     0 | D:1      | Reached XP level 1. HP: 19/19 MP: 0/0
    34 | D:1      | Reached XP level 2. HP: 25/27 MP: 1/1
   104 | D:1      | Reached XP level 3. HP: 23/33 MP: 2/2
   953 | D:2      | Reached XP level 4. HP: 37/41 MP: 3/3
  1342 | D:2      | Noticed Terence
  1352 | D:2      | Killed Terence
  1629 | D:3      | Reached skill level 5 in Armour
  1648 | D:3      | Reached skill level 5 in Shields
  1658 | D:3      | Reached XP level 5. HP: 38/47 MP: 4/4
  2034 | D:4      | Reached skill level 5 in Fighting
  2046 | D:4      | Reached XP level 6. HP: 37/56 MP: 5/5
  2648 | D:4      | Found an iron altar of Okawaru.
  2656 | D:4      | Became a worshipper of Warmaster Okawaru
  2658 | D:4      | Got a slimy falchion
  2659 | D:4      | Identified the +11 falchion of Immorality {freeze, rElec
                  | rC- Int+7} (You found it on level 4 of the Dungeon)
  3555 | D:5      | Entered Level 5 of the Dungeon
  3569 | D:5      | Identified the Papyrus of Excruciating Ignition
  3594 | D:5      | Noticed Duvessa
  3595 | D:5      | Noticed Dowan
  3600 | D:5      | Killed Duvessa
  3600 | D:5      | Reached * piety under Okawaru
  3600 | D:5      | Reached XP level 7. HP: 54/62 MP: 6/6
  3602 | D:5      | Killed Dowan
  3743 | D:5      | Found a basalt altar of Yredelemnul.
  3936 | D:5      | Reached ** piety under Okawaru
  3946 | D:5      | Reached XP level 8. HP: 69/71 MP: 7/7
  4192 | D:5      | Found Reismam's Antique Weapon Shoppe.
  4211 | D:6      | Found a staircase to the Ecumenical Temple.
  4325 | D:6      | Found a shattered altar of Ashenzari.
  4325 | D:6      | Found a hazy altar of Hepliaklqana.
  4327 | D:6      | Found a bloodstained altar of Trog.
  4327 | D:6      | Found a blossoming altar of Fedhas.
  4336 | D:6      | Found a white marble altar of Elyvilon.
  4336 | D:6      | Found an opulent altar of Gozag.
  4337 | D:6      | Found a stormy altar of Qazlal.
  4363 | D:6      | Reached *** piety under Okawaru
  4423 | D:6      | Noticed Sigmund
  4431 | D:6      | Killed Sigmund
  4509 | D:6      | Reached XP level 9. HP: 74/82 MP: 8/8
  4519 | D:6      | Found an opulent altar of Gozag.
  4679 | D:6      | Noticed Grinder
  4685 | D:6      | Killed Grinder
  4685 | D:6      | Reached **** piety under Okawaru
  4917 | D:6      | Reached skill level 10 in Armour
  5527 | D:7      | Found a runed door.
  5531 | D:7      | Noticed Crazy Yiuf
  5534 | D:7      | Killed Crazy Yiuf
  5534 | D:7      | Reached skill level 10 in Fighting
  5749 | D:8      | Reached ***** piety under Okawaru
  5749 | D:8      | Reached skill level 10 in Shields
  5934 | D:8      | Reached XP level 10. HP: 44/94 MP: 6/9
  6253 | D:9      | Received a gift from Okawaru
  6259 | D:9      | Got a smoking trident {god gift}
  6260 | D:9      | Identified the +10 trident of Patufih {antimagic, +Rage rC+
                  | Str+3 Stlth-} (Okawaru gifted it to you on level 9 of the
                  | Dungeon)
  6806 | D:9      | Reached skill level 1 in Evocations
  6834 | D:9      | Found a roughly hewn altar of Beogh.
  6955 | D:10     | Entered Level 10 of the Dungeon
  6959 | D:10     | Noticed a two-headed ogre
  6964 | D:10     | Killed a two-headed ogre
  7141 | D:10     | Received a gift from Okawaru
  7431 | D:10     | Got an ancient ring mail {god gift}
  7456 | D:10     | Identified the +3 ring mail of Okawaru's Displeasure
                  | {Slay+2} (Okawaru gifted it to you on level 10 of the
                  | Dungeon)
  7905 | D:11     | Noticed a cyclops
  7911 | D:11     | Killed a cyclops
  7911 | D:11     | Reached XP level 11. HP: 75/105 MP: 4/12
  7920 | D:11     | Found a staircase to the Orcish Mines.
  7934 | D:11     | Found a labyrinth entrance.
  7952 | D:11     | Found a frozen archway.
  7993 | D:11     | Noticed Nergalle
  8003 | D:11     | Noticed Erica
  8015 | D:11     | Killed Nergalle
  8033 | D:11     | Killed Erica
  8082 | IceCv    | Entered an ice cave
  8697 | IceCv    | Received a gift from Okawaru
  9145 | IceCv    | Noticed an ice dragon
  9145 | IceCv    | Noticed an ice dragon
  9161 | IceCv    | Killed an ice dragon
  9168 | IceCv    | Killed an ice dragon
  9702 | D:11     | Reached ****** piety under Okawaru
  9734 | D:11     | Noticed a two-headed ogre
  9746 | D:11     | Killed a two-headed ogre
  9746 | D:11     | Received a gift from Okawaru
  9746 | D:11     | Reached XP level 12. HP: 34/117 MP: 4/14
  9747 | D:11     | Got an ancient halberd {god gift}
 10551 | D:11     | Found a staircase to the Lair.
 10758 | D:12     | Received a gift from Okawaru
 11038 | D:12     | Found Qitu's Antique Weapon Emporium.
 11056 | D:12     | Noticed Kirke
 11077 | D:12     | Mangled by a manticore

Skill      XL: |  1  2  3  4  5  6  7  8  9 10 11 12 |
---------------+-------------------------------------+-----
Fighting       | 4 5 6 8 10 12 14 | 14.9
Armour         | 4 5 6 8 9 10 11 12 | 12.1
Shields        | 4 5 6 7 8 10 11 13 14 | 14.9
Evocations     | 2 4 |  4.0
Polearms       | |  2.4
Invocations    | |  0.8

Action                   |  1- 3 |  4- 6 |  7- 9 | 10-12 || total
-------------------------+-------+-------+-------+-------++-------
Melee: Trident           |    97 |   146 |       |   569 ||   812
       Headbutt          |     6 |    36 |    54 |   142 ||   238
       Falchion          |       |    16 |   205 |    16 ||   237
       Unarmed           |       |       |       |     3 ||     3
Invok: Heroism           |       |       |     1 |     6 ||     7
 Abil: Evoke Berserk Rag |       |       |       |     5 ||     5
Evoke: Wand              |       |       |       |     9 ||     9
  Use: Scroll            |       |       |       |     7 ||     7
  Eat: Chunk             |       |     9 |     8 |    12 ||    29
       Ration            |       |       |       |     3 ||     3
Armor: Scale mail        |    35 |    88 |   102 |    69 ||   294
       Ring mail         |       |       |       |   152 ||   152
Dodge: Dodged            |    32 |    36 |    71 |   180 ||   319
Block: Shield            |    42 |    79 |   140 |   412 ||   673
       Rpst.: Falchion   |       |     2 |    18 |     2 ||    22
